 Dungeon Crawl Stone Soup version 0.26-a0-597-gb535b0901c (webtiles) character file.

Game seed: 8269716935715910050

9 Alarkh the Skirmisher (level 2, 14/24 HPs)
             Began as a Demonspawn Fighter on Sept 6, 2020.
             Got out of the dungeon alive.
             The game lasted 00:00:30 (414 turns).

Alarkh the Skirmisher (Demonspawn Fighter)           Turns: 414, Time: 00:00:31

Health: 14/24      AC:  9    Str: 16    XL:     2   Next: 6%
Magic:  2/2        EV:  6    Int:  9    God:
Gold:   23         SH:  8    Dex: 12    Spells: 1/1 levels left

rFire    . . .     SeeInvis .     - Unarmed
rCold    . . .     Faith    .   b - +0 kite shield
rNeg     . . .     Spirit   .   a - +0 scale mail
rPois    .         Reflect  .   (no helmet)
rElec    .         Harm     .   (no cloak)
rCorr    .                      d - +0 pair of gloves
MR       .....                  (no boots)
Stlth    ..........             (no amulet)
HPRegen  0.08/turn              (no ring)
MPRegen  0.08/turn              (no ring)

@: no status effects
A: slimy green scales 1
a: no special abilities


You escaped.
You visited 1 branch of the dungeon, and saw 1 of its levels.

You collected 23 gold pieces.

Inventory:

Armour
 a - a +0 scale mail (worn)
 b - a +0 kite shield (worn)
 d - a +0 pair of gloves (worn)
Scrolls
 e - a scroll of teleportation {unknown}
Potions
 c - a potion of might
 f - a potion of lignification {unknown}


   Skills:
 + Level 3.1 Fighting
 - Level 2.6 Armour
 + Level 2.8 Shields
 * Level 2.2 Unarmed Combat


You had one spell level left.
You didn't know any spells.
Your spell library was empty.

Dungeon Overview and Level Annotations

Branches:
Dungeon (1/15)

Altars:


Innate Abilities, Weirdness & Mutations

You are partially covered in slimy green scales. (AC +2)


Message History

The giant cockroach is heavily wounded.
You block the giant cockroach's attack.
You hit the giant cockroach.
You kill the giant cockroach!
You have reached level 2!
Your demonic ancestry asserts itself...
Slimy green scales grow over part of your body.
The frilled lizard unfolds its giant frill.
You miss the frilled lizard. You block the frilled lizard's attack.
You hit the frilled lizard.
You kill the frilled lizard!
Things that are here:
a frilled lizard corpse; a giant cockroach corpse
Things that are here:
a frilled lizard corpse; a giant cockroach corpse
Found a large golden amulet.
There is an open door here.
There is a staircase leading out of the dungeon here.
Are you sure you want to leave the Dungeon?
This will make you lose the game!
You have escaped!

... ####.# ....#
##+#+##..## .
#.....#...#### #.##
#.....+......# #.##
#..8..#..###.####.#.
#.....'..# #........
#..@..#..###...##.##
#######......#.##.##
#........#####..#.##
....###### ##.#...
## #..##. ##.##.
#.... ###.. #..


There were no monsters in sight!

Vanquished Creatures
  A dart slug (D:1)
  A leopard gecko (D:1)
  A giant cockroach (D:1)
  A hobgoblin (D:1)
  2 bats (D:1)
  A frilled lizard (D:1)
7 creatures vanquished.

Notes
Turn   | Place    | Note
-------+----------+-------------------------------------------
     0 | D:1      | Alarkh the Demonspawn Fighter began the quest for the Orb.
     0 | D:1      | Reached XP level 1. HP: 18/18 MP: 1/1
   364 | D:1      | Gained mutation: You are partially covered in slimy green
                  | scales. (AC +2) [demonic ancestry]
   364 | D:1      | Reached XP level 2. HP: 10/24 MP: 2/2
   414 | D:$      | Got out of the dungeon alive.

Illustrated notes

Levels and vault maps discovered:
D:1:      minmay_arrival_solitary_statue, layout_rooms

Skill      XL: |  1 |
---------------+----+-----
Unarmed Combat | 2 |  2.2
Fighting       | |  3.1
Armour         | |  2.6
Shields        | |  2.8

Action                   || total
-------------------------++-------
Melee: Unarmed           ||    49
Armor: Scale mail        ||    21
Dodge: Dodged            ||    15
Block: Kite shield       ||    21

Table legend: (Time is in decaauts)
 A = Elapsed time spent in this place.
 B = Non-inter-level travel time spent in this place.
 C = Inter-level travel time spent in this place.
 D = Time resting spent in this place.
 E = Time spent auto-exploring this place.
 F = Levels seen in this place.
 G = Mean time per level.
                   A        B        C        D        E       F      G
               +--------+--------+--------+--------+--------+-----+--------+
         Total |    416 |    372 |     44 |    166 |    121 |   1 |  416.0 |
       Dungeon |    416 |    372 |     44 |    166 |    121 |   1 |  416.0 |
               +--------+--------+--------+--------+--------+-----+--------+

Top non-repeatable levels by time:
     D:1: 416 daAuts
